 Dungeon Crawl Stone Soup version 0.23.2-40-g277498a001 (webtiles) character file.

Game seed: 15456656916218828466

49177 attaboy the Unseen (level 14, 0/68 HPs)
             Began as a Spriggan Enchanter on Aug 24, 2019.
             Was the Champion of Yredelemnul.
             Killed from afar by an orc sorcerer (27 damage)
             ... with a bolt of negative energy
             ... led by an orc high priest
             ... on level 1 of the Orcish Mines on Aug 26, 2019.
             The game lasted 02:44:36 (27725 turns).

attaboy the Unseen (Spriggan Enchanter)            Turns: 27725, Time: 02:44:37

Health: 0/68       AC:  5    Str: 15    XL:     14   Next: 15%
Magic:  19/22      EV: 33    Int: 16    God:    Yredelemnul [******]
Gold:   1094       SH:  0    Dex: 24    Spells: 14/23 levels left

rFire    . . .     SeeInvis +   a - +2 dagger (venom)
rCold    . . .     Gourm    .   (shield restricted)
rNeg     . . .     Faith    .   f - +1 robe
rPois    +         Spirit   .   (helmet restricted)
rElec    .         Reflect  .   w - +1 cloak {rPois}
rCorr    .         Harm     .   (gloves unavailable)
MR       +++..                  (boots unavailable)
Stlth    +++++++...             S - amulet "Feemoomu" {Acrobat MR+ Str+8}
HPRegen  0.21/turn              k - +2 ring of strength
MPRegen  0.18/turn              B - +3 ring of dexterity

@: drained, very quick
A: very small, unfitting armour, see invisible, herbivore, speed 3, slow
metabolism 2
a: Recall Undead Slaves, Injury Mirror, Animate Dead, Drain Life, Enslave Soul,
Renounce Religion


You were on level 1 of the Orcish Mines.
You worshipped Yredelemnul.
Yredelemnul was exalted by your worship.
You were hungry.

You visited 4 branches of the dungeon, and saw 19 of its levels.
You also visited: Sewer.

You collected 1866 gold pieces.
You spent 772 gold pieces at shops.

Inventory:

Hand Weapons
 a - a +2 dagger of venom (weapon)
 b - a +0 hunting sling
 t - a +1 dagger of speed
 Q - the +1 dagger of Ascent {pierce, *Drain rF+++ MR- Stlth+}
   (You found it on level 6 of the Lair of Beasts)

   It inflicts extra damage upon your enemies.
   It renders you almost immune to fire.
   It affects your resistance to hostile enchantments.
   It causes draining when unequipped.
   It makes you more stealthy.
Missiles
 e - 100 sling bullets
 o - 544 stones (quivered)
Armour
 f - a +1 robe (worn)
 w - a +1 cloak of poison resistance (worn)
 y - a +0 cloak of invisibility
Jewellery
 k - a +2 ring of strength (left hand)
 B - a +3 ring of dexterity (right hand)
 H - an uncursed amulet of regeneration
 P - an uncursed ring of magical power
 S - the amulet "Feemoomu" (around neck) {Acrobat MR+ Str+8}
   (You bought it in a shop on level 7 of the Dungeon)

   [amulet of the acrobat]

   It helps you evade while moving and waiting.
   It affects your strength (+8).
   It affects your resistance to hostile enchantments.
Wands
 u - a wand of polymorph (6)
 A - a wand of flame (64)
 D - a wand of acid (1)
 F - a wand of enslavement (7)
 G - a wand of iceblast (12)
 O - a wand of disintegration (12)
Scrolls
 c - 3 scrolls of magic mapping
 g - 7 scrolls of enchant weapon
 l - 2 scrolls of enchant armour
 q - 6 scrolls of fear
 x - 7 scrolls of remove curse
 z - 9 scrolls of teleportation
 C - 3 scrolls of blinking
 K - a scroll of immolation
 L - 6 scrolls of identify
 N - a scroll of torment
 R - a scroll of amnesia
Potions
 h - 6 potions of curing
 i - 3 potions of brilliance
 j - 4 potions of might
 m - 4 potions of ambrosia
 n - a potion of magic
 p - 4 potions of heal wounds
 r - 4 potions of haste
 s - 2 potions of lignification
 v - 3 potions of resistance
 E - a potion of agility
 I - 2 potions of cancellation
 J - a potion of invisibility
 M - a potion of flight
Comestibles
 d - 9 rations


   Skills:
 - Level 5.0(4.4) Fighting
 - Level 12.0(11.2) Short Blades
 - Level 5.1(4.4) Slings
 + Level 14.7(13.9) Dodging
 + Level 16.8(16.0) Stealth
 - Level 5.0(4.4) Spellcasting
 - Level 12.0(11.2) Hexes
 - Level 5.0(4.4) Ice Magic
 - Level 6.1(5.5) Invocations
 - Level 7.2(6.6) Evocations


You had 14 spell levels left.
You knew the following spells:

 Your Spells              Type           Power        Failure   Level  Hunger
a - Corona                Hex            #####..      1%          1    None
b - Ensorcelled Hibernat  Hex/Ice        ####..       1%          2    ##.....
c - Confuse               Hex            #####...     1%          3    ###....
d - Tukima's Dance        Hex            #####...     1%          3    ###....

Your spell library contained the following spells:

 Spells                   Type           Power        Failure   Level  Hunger
 Confusing Touch          Hex            #####.       1%          1    None
 Freeze                   Ice            ###.         2%          1    None
 Dazzling Spray           Conj/Hex       ###...       4%          3    ###....
 Inner Flame              Hex/Fire       ###.....     4%          3    ###....
 Throw Frost              Conj/Ice       ##....       10%         2    ##.....
 Animate Skeleton         Necr           N/A          16%         1    None
 Apportation              Tloc           #.....       16%         1    None
 Flame Tongue             Conj/Fire      #....        16%         1    None
 Summon Small Mammal      Summ           #...         16%         1    None
 Ozocubu's Armour         Chrm/Ice       ##......     21%         3    ###....
 Throw Flame              Conj/Fire      #.....       24%         2    ##.....
 Conjure Flame            Conj/Fire      #.......     43%         3    ###....
 Summon Ice Beast         Ice/Summ       ##......     54%         4    ####...
 Throw Icicle             Conj/Ice       ##......     54%         4    ####...
 Sticky Flame             Conj/Fire      #.......     85%         4    ####...
 Fireball                 Conj/Fire      #.........   99%         5    ######.


Dungeon Overview and Level Annotations

Branches:
Dungeon (10/15)            Temple (1/1) D:4            Lair (6/6) D:9
  Swamp (0/4) Lair:4        Snake (0/4) Lair:4        Slime (0/5) Lair:6
    Orc (2/2) D:10            Elf (0/3) Orc:2

Altars:
Ashenzari
Cheibriados
Dithmenos
Fedhas
Gozag
Hepliaklqana
Kikubaaqudgha
Makhleb
Nemelex Xobeh
Okawaru
Qazlal
Ru
Sif Muna
Trog
Vehumet
Wu Jian
Xom
Yredelemnul
Zin
Jiyva

Shops:
D:6 (   D:7 %(*

Annotations:
Lair:5 exclusion: 3 oklob plants
Lair:6 exclusion: oklob plant


Innate Abilities, Weirdness & Mutations

You are very small and have problems with some larger weapons.
You are too small for most types of armour.
You have supernaturally acute eyesight. (SInv)
You are a herbivore.
You cover ground extremely quickly.
You need to consume almost no food.


Message History

Confirm with . or Enter, or press ? or * to list all spells.
Aiming: Confuse (safe; 1% risk of failure)
Press: ? - help, Shift-Dir - straight line, f - orc high priest
Aim: an orc high priest, wielding a +0 glaive (chance to defeat MR: 33%)
The orc high priest appears confused.
You are feeling hungry.
The warg bites you.
The orc hits your wraith but does no damage.
An orc wizard comes into view. It is wielding a +0 dagger.
The warg bites you!
The orc warrior hits you from afar with a +0 halberd!
The orc completely misses you.
You hit the orc but do no damage. You closely miss the orc.
The orc sorcerer points at you and mumbles some strange words.
The bolt of negative energy hits the ice devil.
The ice devil completely resists.
The bolt of negative energy hits you!!
You feel drained.
You die...
Your body rises from the dead as a mindless zombie.

#### #. ## #.. .#
#.. ..# ####..#
###..##
.###.....###.).o.###
.o.#.......#@4o.....
#.o....#..ooh..#h...
#....##o#...oo## .
#......o)W....#
......o)...#......
...........#...T..
#.........###....h#
##.###....# .....# #
##>.## .....#


You could see an orc high priest (confused), an ice devil, a troll, 2 wargs, an
orc sorcerer, 2 orc warriors, an orc wizard, 4 orcs and a friendly wraith.

Vanquished Creatures
  Rupert (Lair:6)
  Kirke (Lair:6)
  A dire elephant (Lair:6)
  Snorg (Lair:6)
  2 hydras
  2 two-headed ogres
  2 death yaks (Lair:6)
  An unseen horror (D:10)
  A fire crab (Lair:6)
  A lindwurm (Lair:6)
  A necromancer (Lair:5)
  5 orc knights
  4 black mambas
  A centaur zombie (D:10)
  8 elephants
  2 rime drakes (Lair:6)
  12 spiny frogs
  7 komodo dragons
  5 trolls
  3 polar bears
  6 hornets
  9 blink frogs
  2 dream sheep (Lair:6)
  4 hippogriffs
  6 yaks
  Eustachio (D:6)
  2 fire bats (Lair:6)
  2 hogs (Lair:6)
  5 basilisks
  2 nagas (Lair:4)
  2 wargs
  6 water moccasins
  3 porcupines
  24 orc warriors
  7 ice beasts
  A black bear (Lair:2)
  4 sky beasts
  2 phantoms
  2 necrophages
  9 ogres
  43 wolves
  9 centaurs
  7 crocodiles
  4 big kobolds (Sewer)
  8 bullfrogs
  A gnoll sergeant (D:9)
  2 wyvern skeletons (D:9)
  A warg zombie (Orc:2)
  A scorpion (D:7)
  8 killer bees (D:10)
  A troll zombie (Orc:2)
  5 wights (D:7)
  2 howler monkeys
  2 electric eels
  2 crimson imps
  7 orc priests
  Crazy Yiuf (D:7)
  2 bullfrog skeletons
  15 orc wizards
  A hound (D:4)
  3 centaur skeletons
  3 iguanas
  6 worker ants
  3 yak simulacra (Lair:5)
  A polar bear simulacrum (Lair:5)
  A killer bee zombie (D:7)
  A hound zombie (D:5)
  A hound skeleton (D:6)
  A howler monkey zombie (D:10)
  3 worker ant zombies
  14 adders
  9 gnolls
  3 river rats (Sewer)
  A shadow imp (D:5)
  6 oozes
  An adder zombie (D:5)
  An adder skeleton (D:9)
  8 worms
  3 dart slugs
  6 leopard geckos
  48 orcs
  7 ball pythons
  5 giant cockroaches
  6 goblins
  10 hobgoblins
  26 jackals
  10 kobolds
  4 quokkas
  2 bats (D:3)
  3 frilled lizards
  An orc zombie (Orc:1)
  A quokka skeleton (D:10)
  A quokka zombie (D:7)
  14 rats
  2 river rat simulacra (Lair:5)
497 creatures vanquished.

Vanquished Creatures (collateral kills)
  An orc warlord (Orc:1)
  A two-headed ogre (D:9)
  A death yak (Lair:6)
  A lindwurm (Lair:5)
  4 elephants
  2 black mambas (Lair:6)
  A torpor snail (Lair:6)
  A rime drake (Lair:6)
  A komodo dragon (Lair:3)
  9 blink frogs
  A hippogriff (D:9)
  A hog (Lair:6)
  A fire bat (Lair:6)
  3 yaks (Lair:4)
  A warg (Orc:1)
  2 water moccasins (Lair:6)
  2 nagas (Lair:4)
  17 orc warriors
  4 wolves
  3 centaurs
  A crocodile (Lair:5)
  3 bullfrogs
  A killer bee (D:10)
  A crimson imp (D:10)
  4 orc priests
  A bullfrog skeleton (D:10)
  7 orc wizards
  An iguana (D:10)
  A wolf simulacrum (Lair:5)
  2 yak simulacra (Lair:5)
  23 orcs
  2 river rat simulacra (Lair:5)
  13 fungi
  6 plants
123 creatures vanquished.

Vanquished Creatures (others)
  A phantasmal warrior (Orc:1)
  2 dancing weapons (Orc:2)
  20 flying skulls
  A vampire (Lair:6)
  A hog (Lair:6)
  A wraith (Orc:2)
  A centaur (Orc:2)
  A warg zombie (Orc:1)
  A water moccasin skeleton (Lair:6)
  A troll zombie (Orc:1)
  3 wights
  4 centaur zombies (Orc:2)
  15 orc zombies
  14 fungi
  14 plants
  3 toadstools (D:10)
83 creatures vanquished.

Grand Total: 703 creatures vanquished

Notes
Turn   | Place    | Note
-------+----------+-------------------------------------------
     0 | D:1      | attaboy the Spriggan Enchanter began the quest for the Orb.
     0 | D:1      | Reached XP level 1. HP: 9/9 MP: 5/5
   303 | D:1      | Reached skill level 5 in Stealth
   303 | D:1      | Reached XP level 2. HP: 13/13 MP: 6/6
   307 | D:1      | Learned a level 2 spell: Ensorcelled Hibernation
   481 | D:1      | Reached skill level 1 in Slings
   971 | D:1      | Reached XP level 3. HP: 9/16 MP: 8/8
  1721 | D:2      | Reached skill level 1 in Ice Magic
  1903 | D:2      | Learned a level 3 spell: Confuse
  2271 | D:3      | Reached XP level 4. HP: 21/21 MP: 4/9
  2444 | D:3      | Found a glowing drain.
  2481 | Sewer    | Entered a sewer
  2731 | Sewer    | Reached skill level 5 in Hexes
  3119 | Sewer    | Noticed a big kobold
  3201 | Sewer    | Killed a big kobold
  3201 | Sewer    | Reached XP level 5. HP: 17/24 MP: 4/10
  3380 | Sewer    | Reached skill level 6 in Stealth
  3380 | Sewer    | Reached XP level 6. HP: 6/28 MP: 5/11
  4033 | Sewer    | Reached skill level 5 in Dodging
  4449 | D:3      | Found an opulent altar of Gozag.
  4807 | D:3      | Learned a level 3 spell: Tukima's Dance
  4827 | D:3      | Reached skill level 7 in Stealth
  4947 | D:3      | Found a faded altar of an unknown god.
  5517 | D:4      | Reached XP level 7. HP: 32/32 MP: 7/12
  6012 | D:4      | Found a staircase to the Ecumenical Temple.
  6021 | Temple   | Entered the Ecumenical Temple
  6092 | Temple   | Became a worshipper of Yredelemnul the Dark
  7609 | D:5      | Entered Level 5 of the Dungeon
  7614 | D:5      | Reached * piety under Yredelemnul
  7705 | D:5      | Found a shimmering altar of Xom.
  7768 | D:5      | Reached skill level 8 in Stealth
  8035 | D:5      | Reached XP level 8. HP: 32/36 MP: 10/13
  8246 | D:5      | Found a glowing silver altar of Zin.
  8676 | D:6      | Found Epexzar's Weapon Shoppe.
  8707 | D:6      | Noticed Eustachio
  8712 | D:6      | Killed Eustachio
  8839 | D:6      | Reached ** piety under Yredelemnul
  8839 | D:6      | Reached skill level 5 in Short Blades
  8839 | D:6      | Reached skill level 9 in Stealth
  8974 | D:6      | Reached skill level 1 in Fighting
  9241 | D:6      | Found a snail-covered altar of Cheibriados.
  9699 | D:7      | Found an ornate altar of the Wu Jian Council.
  9719 | D:7      | Reached skill level 10 in Stealth
  9719 | D:7      | Reached XP level 9. HP: 33/42 MP: 7/14
  9963 | D:7      | Reached skill level 11 in Stealth
 10036 | D:7      | Found Inocugosh's General Store.
 10075 | D:7      | Found a runed translucent door.
 10076 | D:7      | Noticed Crazy Yiuf
 10086 | D:7      | Killed Crazy Yiuf
 10169 | D:7      | Found Nahipeit's Antique Weapon Emporium.
 10183 | D:7      | Reached *** piety under Yredelemnul
 10191 | D:7      | Reached skill level 1 in Evocations
 10398 | D:7      | Found Paqeklil's Food Shoppe.
 10474 | D:7      | Found a radiant altar of Vehumet.
 10491 | D:7      | Found a shimmering altar of Xom.
 10662 | D:7      | Reached skill level 12 in Stealth
 10662 | D:7      | Reached skill level 5 in Spellcasting
 11188 | D:8      | Found a stormy altar of Qazlal.
 11317 | D:8      | Noticed a two-headed ogre
 11359 | D:8      | Killed a two-headed ogre
 11359 | D:8      | Reached XP level 10. HP: 49/49 MP: 1/18
 11512 | D:9      | Found a blossoming altar of Fedhas.
 11512 | D:9      | Noticed a two-headed ogre
 11537 | D:9      | Killed a two-headed ogre
 11848 | D:9      | Found an ancient bone altar of Kikubaaqudgha.
 11859 | D:9      | Found an iron altar of Okawaru.
 11879 | D:9      | Found a staircase to the Lair.
 11908 | D:9      | Reached **** piety under Yredelemnul
 12171 | D:9      | Received a gift from Yredelemnul (a wight)
 12471 | D:9      | Reached skill level 1 in Invocations
 12721 | Lair:1   | Entered Level 1 of the Lair of Beasts
 13392 | Lair:1   | Reached skill level 10 in Dodging
 13392 | Lair:1   | Reached XP level 11. HP: 52/52 MP: 7/19
 14659 | Lair:2   | Reached skill level 10 in Short Blades
 14674 | Lair:2   | Reached skill level 5 in Invocations
 14870 | Lair:2   | Identified a scroll of acquirement
 15265 | Lair:2   | Reached ***** piety under Yredelemnul
 15690 | Lair:3   | Noticed a seven-headed hydra
 15745 | Lair:2   | Killed a seven-headed hydra
 15888 | Lair:3   | Reached XP level 12. HP: 56/56 MP: 17/20
 16120 | Lair:3   | Reached skill level 5 in Slings
 16159 | Lair:3   | Received a gift from Yredelemnul (5 flying skulls)
 16939 | Lair:4   | Found a staircase to the Snake Pit.
 16971 | Lair:4   | Reached skill level 5 in Ice Magic
 16993 | Lair:4   | Received a gift from Yredelemnul (5 flying skulls)
 17184 | Lair:4   | Found a staircase to the Swamp.
 18364 | Lair:5   | You fall through a shaft!
 18364 | Lair:6   | Entered Level 6 of the Lair of Beasts
 19289 | Lair:6   | Reached skill level 13 in Stealth
 19357 | Lair:6   | Noticed Snorg
 19361 | Lair:6   | Killed Snorg
 19369 | Lair:6   | Received a gift from Yredelemnul (a wight)
 19585 | Lair:6   | Noticed Rupert
 19617 | Lair:6   | HP: 1/56 [Rupert/+0 vampiric battleaxe (37)]
 19629 | Lair:6   | Killed Rupert
 19959 | Lair:6   | Reached XP level 13. HP: 60/60 MP: 21/21
 19959 | Lair:6   | Received a gift from Yredelemnul (a vampire)
 20082 | Lair:6   | Found a viscous altar of Jiyva.
 20083 | Lair:6   | Found a staircase to the Slime Pits.
 20124 | Lair:6   | Reached skill level 14 in Stealth
 20124 | Lair:6   | Reached skill level 10 in Hexes
 20398 | Lair:6   | Received a gift from Yredelemnul (a wight)
 20473 | Lair:6   | Noticed Kirke
 20729 | Lair:6   | Killed Kirke
 21005 | Lair:6   | Received a gift from Yredelemnul (5 flying skulls)
 21101 | Lair:6   | Noticed a dire elephant
 21229 | Lair:6   | Killed a dire elephant
 21229 | Lair:6   | Reached skill level 15 in Stealth
 21665 | Lair:6   | Got a pitted dagger
 21673 | Lair:6   | Identified the cursed +1 dagger of Ascent {pierce, *Drain
                  | rF+++ MR- Stlth+} (You found it on level 6 of the Lair of
                  | Beasts)
 22113 | D:10     | Entered Level 10 of the Dungeon
 22428 | D:10     | Found a bloodstained altar of Trog.
 22435 | D:10     | Received a gift from Yredelemnul (5 flying skulls)
 22828 | D:10     | Received a gift from Yredelemnul (a phantasmal warrior)
 22833 | D:10     | Found a sacrificial altar of Ru.
 22871 | D:10     | Reached skill level 16 in Stealth
 22947 | D:10     | Found a staircase to the Orcish Mines.
 23103 | D:7      | Bought the amulet "Feemoomu" {Acrobat MR+ Str+8} for 772
                  | gold pieces
 23216 | Orc:1    | Entered Level 1 of the Orcish Mines
 23633 | Orc:1    | Received a gift from Yredelemnul (a wraith)
 23734 | Orc:1    | Reached ****** piety under Yredelemnul
 24030 | Orc:2    | Entered Level 2 of the Orcish Mines
 24030 | Orc:2    | Found a staircase to the Elven Halls.
 25119 | Orc:1    | Reached XP level 14. HP: 47/67 MP: 13/22
 25695 | Orc:2    | Reached skill level 5 in Fighting
 26073 | Orc:2    | Noticed an orc warlord
 26582 | Orc:1    | Killed an orc warlord
 26842 | Orc:2    | Received a gift from Yredelemnul (a wraith)
 27725 | Orc:1    | Killed from afar by an orc sorcerer

Skill      XL: |  1  2  3  4  5  6  7  8  9 10 11 12 13 14 |
---------------+-------------------------------------------+-----
Hexes          | 4 5 6 7 8 9 12 | 12.0
Stealth        | 5 6 7 8 10 12 13 16 | 16.8
Slings         | 1 2 3 4 5 |  5.1
Ice Magic      | 1 3 5 |  5.0
Dodging        | 4 5 6 8 10 13 14 | 14.7
Short Blades   | 3 5 6 9 10 11 12 | 12.0
Fighting       | 2 3 4 5 |  5.0
Spellcasting   | 5 |  5.0
Evocations     | 6 7 |  7.2
Invocations    | 3 6 |  6.1

Action                   |  1- 3 |  4- 6 |  7- 9 | 10-12 | 13-15 || total
-------------------------+-------+-------+-------+-------+-------++-------
Melee: Dagger            |    97 |   184 |   510 |   472 |   703 ||  1966
 Fire: Hunting sling     |    32 |     6 |     4 |    46 |     8 ||    96
Throw: Stone             |       |       |     3 |     3 |     7 ||    13
 Cast: Corona            |     2 |       |       |       |       ||     2
       Ensorcelled Hiber |    27 |    65 |    36 |   110 |    59 ||   297
       Confuse           |       |     6 |    28 |    25 |    37 ||    96
       Tukima's Dance    |       |       |     7 |     2 |     7 ||    16
Invok: Animate Remains   |       |       |     2 |       |       ||     2
       Animate Dead      |       |       |       |       |     9 ||     9
       Recall Undead Sla |       |       |       |       |     1 ||     1
Evoke: Wand              |       |       |       |     9 |    22 ||    31
  Use: Scroll            |       |     9 |    13 |     9 |     2 ||    33
       Potion            |       |       |       |       |     1 ||     1
 Stab: Sleeping          |    33 |    34 |    50 |    83 |    45 ||   245
       Confused          |       |     3 |    19 |     8 |    23 ||    53
       Distracted        |       |       |     3 |     4 |    11 ||    18
  Eat: Ration            |     1 |     4 |     6 |     6 |     8 ||    25
Armor: Robe              |     6 |     5 |    21 |     9 |    13 ||    54
Dodge: Dodged            |    74 |   126 |   309 |   373 |   597 ||  1479
